 Dungeon Crawl Stone Soup version 0.31-a0-667-g39726597b9 (webtiles) character file.

Game seed: 6806768893230383673

4 hypnoticbox30 the Grave Robber (level 1, 0/14 HPs)
             Began as a Ghoul Necromancer on Sept 4, 2023.
             Slain by a quokka (4 damage)
             ... on level 1 of the Dungeon.
             The game lasted 00:05:17 (610 turns).

hypnoticbox30 the Grave Robber (Ghoul Necromancer)   Turns: 610, Time: 00:05:17

Health: 0/14       AC:  2    Str: 11    XL:     1   Next: 60%
Magic:  2/2        EV: 12    Int: 10    God:
Gold:   34         SH:  5    Dex:  9    Spells: 2/3 levels left

rFire   . . .        d - +0 mace (protect)
rCold   + . .        (no shield)
rNeg    + + +        a - +0 robe
rPois   ∞            (no helmet)
rElec   .            (no cloak)
rCorr   .            (no gloves)
SInv    .            (no boots)
Will    .....        b - amulet of reflection
Stlth   ++           (no ring)
HPRegen 0.00/turn    (no ring)
MPRegen 0.08/turn

%: reflection
@: inhibited regen
A: claws 1, cold resistance 1, negative energy resistance 3, inhibited
regeneration, torment resistance 2, devour on kill
a: no special abilities


You were on level 1 of the Dungeon.
You visited 1 branch of the dungeon, and saw 1 of its levels.

You collected 34 gold pieces.

Inventory:

Hand Weapons
 d - a +0 mace of protection (weapon)
Armour
 a - a +0 robe (worn)
Jewellery
 b - an amulet of reflection (around neck)
Talismans
 c - a flux talisman


   Skills:
 + Level 1.8 Dodging
 + Level 2.2 Stealth
 + Level 1.8 Spellcasting
 + Level 4.1 Necromancy


You had 2 spell levels left.
You knew the following spells:

 Your Spells              Type           Power      Damage    Failure   Level
a - Necrotise             Necr           36%        1d5       6%          1

Your spell library contained the following spells:

 Spells                   Type           Power      Damage    Failure   Level
 Vampiric Draining        Necr           9%         2d6       17%         3
 Animate Dead             Necr           9%         N/A       50%         4
 Agony                    Necr           9%         N/A       85%         5
 Irradiate                Conj/Tmut      0%         3d11      100%        5
 Wereblood                Tmut           Unusable   N/A       N/A         2

Dungeon Overview and Level Annotations

Branches:
Dungeon (1/15)

Altars:

Shops:
D:1 (


Innate Abilities, Weirdness & Mutations

You are immune to poison.
You have sharp fingernails.
Your flesh is cold resistant. (rC+)
You are immune to negative energy. (rN+++)
You do not regenerate when monsters are visible.
You are immune to unholy pain and torment.
You thrive by killing the living.


Message History

You are very lightly contaminated with residual magic.
Nothing appears to happen.
Casting: Necrotise (safe; 6% risk of failure)
Confirm with . or Enter, or press ? or * to list all spells.
Aiming: Necrotise (safe; 6% risk of failure)
Press: ? - help, Shift-Dir - straight line, f/p - hobgoblin
Aim: a hobgoblin (moderately wounded, chance to affect: 76%)
The hobgoblin writhes in agony.
Your magical contamination has completely faded away.
The hobgoblin attacks as it pursues you!
The hobgoblin closely misses you.
The hobgoblin attacks as it pursues you!
The hobgoblin hits you but does no damage.
The hobgoblin closely misses you.
The rat twitches its whiskers.
Found a stone staircase leading down.
A rat comes into view.
The rat twitches its whiskers.
Found a scroll labelled SYOL WUCUYQU.
A quokka comes into view.
Found a flux talisman and a book of Changes.
A kobold comes into view. It is wielding a +0 club.
The kobold shouts!
The rat attacks as it pursues you! The rat closely misses you.
You see here a flux talisman.
c - a flux talisman The rat bites you.
* * * LOW HITPOINT WARNING * * *
The rat attacks as it pursues you! The rat barely misses you.
The hobgoblin attacks as it pursues you!
You block the hobgoblin's attack.
You see here a book of Changes.
You pick up a book of Changes and begin reading...
You add the spell Irradiate to your library.
The rat bites you but does no damage. You block the hobgoblin's attack.
The rat attacks as it pursues you! The rat barely misses you.
The quokka misses you. The rat attacks as it pursues you! The rat misses you.
The quokka attacks as it pursues you! The quokka bites you.
You die...

.#.##########........#
##.###### #........#
..##...# #........#
#####...# #........#
...##...# #........###
....#...# #.#rK.......
........#####.#.........
#####...##....#grr......


PP# #......####.@....... P.# #....###...........# ..# #....# #...........# P.#
#....# #...........# PP# #....# #...........# .P# #...## #...........# ###.#
##.........### #####.###.....###### ###..r..........# You could see a quokka, a
hobgoblin, a kobold and 2 rats.

Vanquished Creatures
  An endoplasm (D:1)
  A goblin (D:1)
  A quokka (D:1)
3 creatures vanquished.

Notes
Turn   | Place    | Note
-------+----------+-------------------------------------------
     0 | D:1      | hypnoticbox30 the Ghoul Necromancer began the quest for the
                  | Orb.
     0 | D:1      | Reached XP level 1. HP: 14/14 MP: 2/2
    33 | D:1      | Found Suasalub's Weapon Shop.
   610 | D:1      | Slain by a quokka

Illustrated notes

Levels and vault maps discovered:
D:1:      minmay_arrival_arboretum_small, layout_basic,
          shapermc_ecumenical_altar_flowoftime, serial_shops,
          nicolae_shop_advertising_works [nicolae_subvault_shop_adworks],
          minmay_pentomino_r2

Action                     || total
---------------------------++-------
  Melee: Unarmed           ||     1
   Cast: Necrotise         ||    11
    Use: Scroll            ||     3
         Potion            ||     1
 Armour: Robe              ||     8
  Dodge: Dodged            ||    19
  Block: Other             ||     5

Table legend: (Time is in decaauts)
 A = Elapsed time spent in this place.
 B = Non-inter-level travel time spent in this place.
 C = Inter-level travel time spent in this place.
 D = Time resting spent in this place.
 E = Time spent auto-exploring this place.
 F = Levels seen in this place.
 G = Mean time per level.
                   A        B        C        D        E       F      G
               +--------+--------+--------+--------+--------+-----+--------+
         Total |    609 |    609 |      0 |    106 |      0 |   1 |  609.0 |
       Dungeon |    609 |    609 |      0 |    106 |      0 |   1 |  609.0 |
               +--------+--------+--------+--------+--------+-----+--------+

Top non-repeatable levels by time:
     D:1: 609 daAuts
